 Dungeon Crawl Stone Soup version 0.28.0-45-g0d030f2227 (webtiles) character file.

Game seed: 15796555409186871106

53 McKennaii the Caller (level 3, 0/26 HPs)
             Began as a Demigod Summoner on Apr 17, 2022.
             Slain by a gnoll
             ... wielding a +2 spear of venom
              (6 damage)
             ... on level 2 of the Dungeon.
             The game lasted 00:03:59 (2493 turns).

McKennaii the Caller (Demigod Summoner)             Turns: 2493, Time: 00:03:59

Health: 0/26       AC:  3    Str:  9    XL:     3   Next: 42%
Magic:  2/9        EV: 12    Int: 21    God:
Gold:   33         SH:  0    Dex: 14    Spells: 4/7 levels left

rFire   . . .      SeeInvis .   (no weapon)
rCold   . . .      Faith    .   (no shield)
rNeg    . . .      Spirit   .   a - +0 robe
rPois   .          Reflect  .   b - +0 helmet
rElec   .          Harm     .   (no cloak)
rCorr   .          Rampage  .   (no gloves)
Will    .....                   (no boots)
Stlth   ++........              (no amulet)
HPRegen 0.08/turn               (no ring)
MPRegen 0.11/turn               (no ring)

@: no status effects
A: high MP 1, forlorn, divine attributes
a: no special abilities


You were on level 2 of the Dungeon.
You visited 1 branch of the dungeon, and saw 2 of its levels.

You collected 99 gold pieces.
You spent 66 gold pieces at shops.

Inventory:

Armour
 a - a +0 robe (worn)
 b - a +0 helmet (worn)
Scrolls
 e - 2 scrolls of teleportation {unknown}
 f - a scroll of identify {unknown}
Potions
 c - a potion of degeneration {unknown}
 d - a potion of mutation {unknown}


   Skills:
 - Level 1.7 Dodging
 - Level 1.7 Stealth
 + Level 2.7 Spellcasting
 + Level 4.3 Summonings


You had 4 spell levels left.
You knew the following spells:

 Your Spells              Type           Power      Damage    Failure   Level
a - Summon Small Mammal   Summ           80%        N/A       2%          1
b - Call Imp              Summ           20%        N/A       3%          2

Your spell library contained the following spells:

 Spells                   Type           Power      Damage    Failure   Level
 Call Canine Familiar     Summ           20%        N/A       7%          3
 Magic Dart               Conj           8%         1d3       14%         1
 Summon Guardian Golem    Hex/Summ       11%        N/A       17%         3
 Mephitic Cloud           Conj/Pois/Air  2%         N/A       38%         3
 Summon Lightning Spire   Summ/Air       11%        N/A       50%         4


Dungeon Overview and Level Annotations

Branches:
Dungeon (2/15)

Shops:
D:2 *


Innate Abilities, Weirdness & Mutations

You have an increased reservoir of magic. (+10% MP)
You shall have no god before yourself.
Your divine heritage dramatically boosts your attributes as you level up.


Message History

Your bat's corpse disappears in a puff of smoke!
Unknown command.
Your quokka bites the gnoll but does no damage.
Your quokka closely misses the gnoll.
The gnoll closely misses your rat.
Unknown command.
Casting: Summon Small Mammal (safe; 2% risk of failure)
Confirm with . or Enter, or press ? or * to list all spells.
A beastly little devil appears in a puff of flame.
Your quokka barely misses the gnoll.
The gnoll hits you from afar with a +2 spear of venom.
You are poisoned.
The gnoll hits your rat with a +0 club.
Your rat dies!
Your rat's corpse disappears in a puff of smoke!
You feel very sick.
Your quokka bites the gnoll.
The gnoll hits you from afar with a +2 spear of venom.
The gnoll completely misses your crimson imp.
Your quokka bites the gnoll but does no damage.
Your crimson imp blinks!
The gnoll misses your quokka.
You feel sick.
Your quokka bites the gnoll.
The gnoll closely misses your quokka. The gnoll closely misses you.
The gnoll barely misses your quokka.
Unknown command.
You feel sick.
Your quokka bites the gnoll.
The gnoll dies!
You feel sick.
Your quokka bites the gnoll.
You feel sick.
Your quokka bites the gnoll.
You feel sick.
Your quokka barely misses the gnoll.
The gnoll barely misses your crimson imp.
Your quokka barely misses the gnoll.
Your crimson imp blinks!
You feel sick.
You feel sick.
You are no longer poisoned.
Casting: Call Imp (safe; 3% risk of failure)
Confirm with . or Enter, or press ? or * to list all spells.
The gnoll hits you from afar with a +2 spear of venom.
You die...

........ ...# ##≈≈≈≈#.#
≈.≈≈≈≈ ≈..#.# #≈≈≈≈≈.#
≈.≈### #.# #≈≈≈≈≈.# ≈.≈ #.#
##≈≈≈≈.. ≈.≈ #.# #≈≈≈≈##
≈.≈≈≈≈≈.≈≈≈≈≈.##.# #≈≈≈≈≈#
..............##.# #≈≈≈≈≈.
≈.≈≈≈≈≈.≈≈≈≈≈.##.# #.≈≈≈≈.
≈.≈# #≈.≈# #≈.##@# #.≈≈≈≈#
≈.≈# #≈.≈# #≈.##r# #.≈≈≈≈#
≈.≈###≈.≈###≈.##g# #.≈≈≈≈#
≈.≈≈≈≈≈.≈≈≈≈≈.##.# #≈≈≈≈≈#
..............##.# #≈≈≈≈≈#
≈.≈≈≈≈≈.≈≈≈≈5.##g# ##≈≈≈≈##
≈.≈###≈.≈###≈.##r# #≈≈≈≈≈##
≈.≈# #≈.≈# #≈....#
######≈≈≈≈≈.. ≈.≈#
#≈.≈###≈...#####....≈≈≈≈≈###


You could see 2 gnolls, a friendly quokka (summoned) and a friendly rat
(summoned).

Vanquished Creatures
  A ball python (D:1)
  A goblin (D:2)
  A hobgoblin (D:1)
  A rat (D:1)
4 creatures vanquished.

Vanquished Creatures (collateral kills)
  A gnoll (D:2)
  An adder (D:2)
  A worm (D:2)
  5 ball pythons
  3 bats
  5 endoplasms
  A giant cockroach (D:1)
  2 jackals (D:2)
  A quokka (D:1)
  A frilled lizard (D:1)
  4 kobolds
  A rat (D:1)
26 creatures vanquished.

Vanquished Creatures (others)
  A plant (D:1)
1 creature vanquished.

Grand Total: 31 creatures vanquished

Notes
Turn   | Place    | Note
-------+----------+-------------------------------------------
     0 | D:1      | McKennaii the Demigod Summoner began the quest for the Orb.
     0 | D:1      | Reached XP level 1. HP: 14/14 MP: 5/5
   952 | D:1      | Reached XP level 2. HP: 15/20 MP: 5/7
  1041 | D:1      | Learned a level 2 spell: Call Imp
  1658 | D:2      | Reached skill level 4 in Summonings
  1841 | D:2      | Found Jayn Vup's Assorted Antiques.
  1890 | D:2      | Bought a gluggy blue potion for 20 gold pieces
  1890 | D:2      | Bought a scroll labelled MOURRO BAFOCVA for 23 gold pieces
  1890 | D:2      | Bought a scroll labelled SERIDO VYUCW for 23 gold pieces
  2054 | D:2      | Reached XP level 3. HP: 26/26 MP: 4/9
  2493 | D:2      | Slain by a gnoll

Illustrated notes

Levels and vault maps discovered:
D:1:      minmay_arrival_four_houses, layout_rooms, serial_bayou,
          serial_bayou_lake_a, serial_bayou_shore_a, serial_bayou_ford_a,
          serial_bayou_pond_d, dreamdust_ecumenical_altar_grove
D:2:      wander_river, layout_loops_ring, serial_shops, shop, kennysheep_boxes

Skill      XL: |  1  2 |
---------------+-------+-----
Spellcasting   | 2 |  2.7
Summonings     | 4 |  4.3
Dodging        | |  1.7
Stealth        | |  1.7

Action                   || total
-------------------------++-------
Melee: Unarmed           ||    80
 Cast: Summon Small Mamm ||    63
       Call Imp          ||     6
 Stab: Sleeping          ||     1
Armor: Robe              ||    27
Dodge: Dodged            ||    78
